 Dungeon Crawl Stone Soup version 0.14-a0-1474-g1105da3 (webtiles) character file.

232 MirrMurr the Sneak (level 4, -4/21 HPs)
             Began as a Spriggan Enchanter on Dec 14, 2013.
             Slain by Grinder (5 damage)
             ... while paralysed by Grinder
             ... on Level 3 of the Dungeon.
             The game lasted 00:08:00 (3311 turns).

MirrMurr the Sneak (Spriggan Enchanter)             Turns: 3311, Time: 00:08:00

HP  -4/21        AC  3     Str  5      XL: 4   Next: 90%
MP   1/12        EV  4     Int 16      God:
Gold 102         SH  0     Dex 16      Spells:  3 memorised,  2 levels left

rFire  . . .     SeeInvis +     a - +1 dagger
rCold  . . .     Clarity  .     b - +1 robe
rNeg   . . .     Conserve .     (shield restricted)
rPois  .         rCorr    .     (helmet restricted)
rElec  .         rRot     .     (no cloak)
SustAb . .       Spirit   .     (gloves unavailable)
rMut   .         Warding  .     (boots unavailable)
Saprov . . .     Stasis   .     (no amulet)
                                (no ring)
                                (no ring)

@: paralysed, very slightly contaminated, very quick, slightly resistant to
hostile enchantments, very stealthy
A: unfitting armour, see invisible, herbivore 3, speed 3, slow metabolism 2
a: no special abilities


You were on level 3 of the Dungeon.
You were full.

You visited 1 branch of the dungeon, and saw 3 of its levels.

You collected 102 gold pieces.

Inventory:

Hand weapons
 a - a +1,+1 dagger (weapon)
 t - a -1,+1 orcish vampiric dagger
Missiles
 d - 11 darts (quivered)
Armour
 b - a +1 robe (worn)
Comestibles
 m - a lychee
 n - a bread ration
 o - a pear
Scrolls
 j - a scroll of recharging {unknown}
 k - 2 scrolls of enchant armour {unknown}
 q - 3 scrolls of remove curse {unknown}
 r - a scroll of magic mapping {unknown}
 s - 2 scrolls of blinking {unknown}
 u - a scroll of teleportation {unknown}
 v - a scroll of amnesia {unknown}
 w - a scroll of enchant weapon II {unknown}
 x - 2 scrolls of identify {unknown}
Jewellery
 f - an uncursed amulet of stasis {unknown}
 h - an uncursed amulet of stasis {unknown}
 l - an uncursed ring of poison resistance {unknown}
Potions
 e - a potion of porridge
 g - 2 potions of speed
 i - 2 potions of curing
 p - a potion of poison {unknown}
Books
 c - a book of Maledictions

   Spells                             Type                      Level
   *Corona                            Hexes                        1
   Sure Blade                         Hexes/Charms                 2
   *Ensorcelled Hibernation           Hexes/Ice                    2
   *Confuse                           Hexes                        3
   Enslavement                        Hexes                        4
   Invisibility                       Hexes                        6


   Skills:
 + Level 3.0 Short Blades
 - Level 1.1 Throwing
 - Level 3.0 Dodging
 + Level 6.8 Stealth
 - Level 2.6 Spellcasting
 - Level 3.6 Hexes


You had 2 spell levels left.
You knew the following spells:

 Your Spells              Type           Power        Failure   Level  Hunger
a - Ensorcelled Hibernat  Hex/Ice        #.....       17%         2    ##.....
b - Confuse               Hex            ##......     14%         3    ###....
Z - Corona                Hex            ##.....      6%          1    #......


Dungeon Overview and Level Annotations

Branches:
Dungeon (3/16)

Altars:
Yredelemnul

Annotations:
D:3 Grinder


Innate Abilities, Weirdness & Mutations

You are tiny and cannot use many weapons and most armour.
You have supernaturally acute eyesight.
You are a herbivore.
You cover ground extremely quickly.
You need consume almost no food.


Message History

Aiming: Confuse
Press: ? - help, Shift-Dir - straight line, f/p - Grinder
Aim: Grinder You miscast Confuse.
Grinder hits you.
You writhe in agony.
Casting: Confuse
Confirm with . or Enter, or press ? or * to list all spells.
Aiming: Confuse
Press: ? - help, Shift-Dir - straight line, f/p - Grinder
Aim: Grinder Grinder easily resists.
Grinder hits you but does no damage. Grinder gestures at you.
You suddenly lose the ability to move!
Grinder hits you. Grinder hits you!
* * * LOW HITPOINT WARNING * * *
You writhe in agony.
Grinder hits you.
* * * LOW HITPOINT WARNING * * *
You writhe in agony.
You die...

..##### #.# ######.## . #.##
#..# #..# #####.### . .
###'##### #........ .>. ...
#.......# #........ .... ....
#.......###........ ..$.. #...
#.......'.#........
.......##...#.......#.#........
.........#...5@.....#.#........
.......#..>.+.......#..........
..... ######.......###........
#### #.......# #######.#
#.......# #.. ####'#### ##.
#....# #####' ####'######
#..... #.........# #.....


You could see Grinder.

Vanquished Creatures
  Ijyb (D:2)
  Jessica (D:2)
  4 adders
  A worm (D:2)
  3 giant geckos
  2 oozes
  4 orcs (D:3)
  3 bats
  A giant cockroach (D:1)
  9 hobgoblins
  5 kobolds
  A quokka (D:3)
  3 giant newts
  2 goblins
  4 rats
44 creatures vanquished.

Notes
Turn   | Place    | Note
--------------------------------------------------------------
     0 | D:1      | MirrMurr, the Spriggan Enchanter, began the quest for the Orb.
     0 | D:1      | Reached XP level 1. HP: 9/9 MP: 4/4
   206 | D:1      | Reached skill level 4 in Stealth
   379 | D:1      | Reached XP level 2. HP: 2/13 MP: 7/7
   383 | D:1      | Learned a level 2 spell: Ensorcelled Hibernation
   718 | D:1      | Reached skill level 5 in Stealth
  1433 | D:2      | Found a basalt altar of Yredelemnul.
  1473 | D:2      | Reached XP level 3. HP: 13/16 MP: 9/9
  1637 | D:2      | Noticed Jessica
  1658 | D:2      | Killed Jessica
  1658 | D:2      | Reached skill level 6 in Stealth
  1860 | D:2      | Noticed Ijyb
  1864 | D:2      | Killed Ijyb
  1864 | D:2      | Reached XP level 4. HP: 21/21 MP: 12/12
  1905 | D:2      | Learned a level 3 spell: Confuse
  3277 | D:3      | Noticed Grinder
  3281 | D:3      | Paralysed by Grinder for 7 turns
  3307 | D:3      | Paralysed by Grinder for 4 turns
  3311 | D:3      | HP: 1/21 [Grinder (1)]
  3311 | D:3      | Slain by Grinder

Action                   |  1- 3 |  4- 6 || total
-------------------------+-------+-------++-------
Melee: Dagger            |    96 |    85 ||   181
       Unarmed           |       |    26 ||    26
Throw: Dart              |     4 |       ||     4
 Cast: Corona            |     3 |       ||     3
       Ensorcelled Hiber |     4 |    10 ||    14
       Confuse           |       |     2 ||     2
  Use: Potion            |     2 |       ||     2
       Scroll            |       |     1 ||     1
 Stab: Sleeping          |     9 |    11 ||    20
       Distracted        |       |     1 ||     1
